[Event "*** Titled Tuesday Blitz"]
[Site "Chess.com"]
[Date "2021.04.06"]
[Round "5"]
[White "banane_verte"]
[Black "VladimirBugayev"]
[Result "1-0"]
[WhiteElo "2428"]
[BlackElo "2262"]
[TimeControl "180+1"]
[EndTime "10:58:12 PDT"]
[Termination "banane_verte won on time"]

1. e4 c6 2. d4 d5 3. Nc3 dxe4 4.
Nxe4 Nf6 5. Nxf6+ exf6 6. c3 Bd6 7. Bd3 O-O 8. Ne2 Re8 9. Qc2 h5 10. Be3 Nd7 11. O-O h4 12. h3 Nf8 13. Rae1 Be6 14. c4 Rc8 15. b3 Bb8 16. Bf4 Bxf4 17. Nxf4 Qxd4 18. Nxe6 Rxe6 19. Bf5 Rce8 20. Bxe6 fxe6 21. Rd1 Qc5 22. Rfe1 e5 23. Qd2 Qa3 24. Re2 Kf7 25. Qd3 Qe7 26. Red2 Qc5 27. Qd6 Qxd6 28. Rxd6 Re7 29.
Rd8 Ne6 30. Ra8 a6 31. Rb8 Nd4 32. Kf1 g5 33. b4 Ke6 34. a4 Rd7 35. b5 axb5 36.
cxb5 c5 37. a5 c4 38. Ra1 Nxb5 39. a6 bxa6 40. Rxa6+ Rd6 41. Ra4 Nd4 42. Rxc4 Ra6 43. Rcb4 Ra1+ 44. Rb1 Rxb1+ 45. Rxb1 Kf5 46. Rb8 Ne6 47.
Re8 Nf4 48. Rf8 Kg6 49. Rg8+ Kf7 50. Ra8 Kg6 51. Ra3 Kf5 52. Kg1 Kg6 53. Ra8 Kf5 54.
Rg8 Ke6 55. Kh2 Kf5 56. Rg7 Nd3 57. Kg1 Nf4 58. Ra7 Kg6 59. Ra3 Ne6 60. Kf1 Nf4 61.
Rb3 Kf5 62. Kg1 Kg6 63. Kh2 Kf5 64. g3 Ng6 65. Kg2 Ke6 66. Kf3 1-0

[Event "*** Titled Tuesday Blitz"]
[Site "Chess.com"]
[Date "2021.04.06"]
[Round "5"]
[White "geordie_derraugh"]
[Black "Louis64"]
[Result "1-0"]
[WhiteElo "2448"]
[BlackElo "2262"]
[TimeControl "180+1"]
[EndTime "10:58:12 PDT"]
[Termination "geordie_derraugh won on time"]

1. e4 c5 2. Nf3 e6 3. g3 d5 4. exd5 exd5 5. Bg2 Nf6 6. O-O Be7 7. d4 Nc6 8. Re1 O-O 9. Nc3 Bg4 10. dxc5 Bxc5 11. Bg5 Rc8 12. Bxf6 Qxf6 13. Nxd5 Qxb2 14. Rb1 Qxa2 15.
Rxb7 Rfd8 16. Rb3 Nd4 17. Nc3 Nxb3 18. Qxd8+ Rxd8 19. Nxa2 Nd4 20. Nxd4 Bxd4 21. h3 Be6 22. Nc1 Rc8 23. Rd1 Bf6 24. Rd2 Bg5 25. f4 Bf6 26. g4 g6 27. Nb3 Rd8 28. Rxd8+ Bxd8 29. Kf2 Bb6+ 30. Ke2 a5 31. Bc6 h5 32. gxh5 gxh5 33.
h4 Kf8 34. Kd3 Ke7 35. Nd2 Kd6 36. Bf3 Bd8 37. Bxh5 Bxh4 38. Nc4+ Bxc4+ 39. Kxc4 Bd8 40. Bxf7 Bc7 41. f5 Ke7 42. Bg6 Kf6 43. Kb5 Ke5 44. c4 Bd8 45. c5 Kd5 46. Bf7+ Kd4 47. Be6 Ke5 48. Kc6 a4 49. Kd7 Ba5 50. c6 a3 51.
Ke7 1-0

[Event "*** Titled Tuesday Blitz"]
[Site "Chess.com"]
[Date "2021.04.06"]
[Round "5"]
[White "Raud100"]
[Black "CM_rui"]
[Result "1-0"]
[WhiteElo "2276"]
[BlackElo "2420"]
[TimeControl "180+1"]
[EndTime "10:58:12 PDT"]
[Termination "Raud100 won by checkmate"]

1. d4 Nf6 2. c4 e6 3. Nf3 Bb4+ 4. Nbd2 O-O 5. g3 d5 6. Bg2 dxc4 7. O-O c3 8. bxc3 Bxc3 9. Rb1 Nc6 10. Ba3 Re8 11. e3 e5 12. Nb3 exd4 13. Nfxd4 Nxd4 14. Nxd4 Bxd4 15. Qxd4 Qxd4 16. exd4 c6 17. Bd6 Rd8 18.
Be5 Nd7 19. Bc7 Re8 20. d5 cxd5 21. Bxd5 Nc5 22. Rfc1 Na6 23. Bf4 Rd8 24. Bxb7 Bxb7 25. Rxb7 Rd5 26. Rxa7 Rdd8 27. Rxa8 Rxa8 28. Rb1 h6 29. h4 Nc5 30. Rb8+ Rxb8 31. Bxb8 Na4 32. Kf1 Kf8 33. Ke1 Ke7 34. Kd2 Kd7 35. Be5 f6 36. Bd4 Kc6 37. Kd3 Kd5 38. h5 Kc6 39.
Ke4 Kd6 40. g4 Ke6 41. f4 Ke7 42. Kd5 Kd7 43. g5 hxg5 44. fxg5 fxg5 45. Bxg7 Ke7 46. Bd4 g4 47. h6 Kf7 48. h7 Nb6+ 49. Kc6 Nc8 50.
h8=Q Ne7+ 51. Kd7 g3 52. Qg7# 1-0

[Event "*** Titled Tuesday Blitz"]
[Site "Chess.com"]
[Date "2021.04.06"]
[Round "5"]
[White "mr_gustavo"]
[Black "Artem_Sadovsky"]
[Result "0-1"]
[WhiteElo "2392"]
[BlackElo "2626"]
[TimeControl "180+1"]
[EndTime "10:58:13 PDT"]
[Termination "Artem_Sadovsky won by resignation"]

1. d4 g6 2. e4 Bg7 3. Nc3 c6 4. f4 d5 5. e5 h5 6. Be2 Nh6 7. Nf3 Bg4 8. O-O Nf5 9. a4 a5 10. Nb1 e6 11. c3 Nd7 12. Nbd2 Ne3 13. Qb3 Nxf1 14. Bxf1 Bxf3 15. Nxf3 Qb6 16. Qc2 Bf8 17. b3 Be7 18. Bd3 Rc8 19. c4 c5 20. cxd5 exd5 21. f5 c4 22. bxc4 Nxe5 23. c5 Nxf3+ 24. gxf3 Qf6 25.
fxg6 Qxd4+ 26. Kg2 Rxc5 27. Qe2 Qxa1 28. Bb2 Qa2 29.
Qe5 f6 30. Qb8+ Bd8 31. Qxb7 Rc7 32. Qb5+ Kf8 33. Kh3 d4 34. Qb8 Qe6+ 35. Kg2 Qc8 36. Qb5 Rc2+ 37. Bxc2 Qxc2+ 38. Kh3 Qxg6 39. Ba3+ Kg7 40.
Qd7+ Qf7 41. Qxd4 Qe6+ 42. Kg2 Bb6 43. Qd3 Rd8 44. Qa6 Qa2+ 45. Kh3 Qxa3 46. Qxb6 Qd6 47.
Qe3 Qd7+ 48. Kg2 Qd2+ 49. Qxd2 Rxd2+ 0-1

[Event "*** Titled Tuesday Blitz"]
[Site "Chess.com"]
[Date "2021.04.06"]
[Round "5"]
[White "Kretov_Evgenij"]
[Black "ViktoriyaTarasova"]
[Result "1-0"]
[WhiteElo "2609"]
[BlackElo "2442"]
[TimeControl "180+1"]
[EndTime "10:58:13 PDT"]
[Termination "Kretov_Evgenij won by checkmate"]

1. d4 Nf6 2. c4 e6 3. Nc3 Bb4 4. Bg5 c5 5. d5 h6 6. Bh4 exd5 7. cxd5 d6 8. e3 O-O 9. Bd3 Nbd7 10. Ne2 Ne5 11. O-O g5 12. Bg3 Qe7 13. h3 Nh5 14.
Bh2 f5 15. Bc2 Ng7 16. b3 Ng6 17. Nb5 Rd8 18. a3 Ba5 19. Rb1 a6 20. Nbc3 Qf6 21. b4 cxb4 22. axb4 Bb6 23. Qd2 Bd7 24. Rfd1 Rac8 25.
Rbc1 Ne5 26. Nd4 Nc4 27. Qe1 Nb2 28. Bb3 Nxd1 29. Rxd1 Bxd4 30. Rxd4 Rc7 31. Qd2 Rdc8 32. Ne2 Bb5 33. g3 Bxe2 34. Qxe2 Rc1+ 35. Kg2 R8c3 36. Qd2 Qd8 37. g4 Qc7 38. Bd1 Rc4 39. Rxc4 Rxc4 40. gxf5 Nxf5 41. Bg4 Ng7 42. Qd3 h5 43. Be6+ Nxe6 44.
dxe6 Rc6 45. Qg6+ Qg7 46. Qxh5 Qf6 47. Qe8+ Kg7 48. Qd7+ Kg6 49. e7 Rc2 50. e8=Q+ Kh6 51. Bg3 Qg6 52. Qxg6+ Kxg6 53. Qxd6+ Kh5 54. Qe7 b5 55.
Qh7# 1-0

[Event "*** Titled Tuesday Blitz"]
[Site "Chess.com"]
[Date "2021.04.06"]
[Round "5"]
[White "DarZay"]
[Black "Giorno"]
[Result "0-1"]
[WhiteElo "2196"]
[BlackElo "2500"]
[TimeControl "180+1"]
[EndTime "10:58:13 PDT"]
[Termination "Giorno won by resignation"]

1. e4 Nc6 2. Nf3 d6 3. d4 Nf6 4. Nc3 Bg4 5. Be2 Bxf3 6. Bxf3 e5 7. d5 Nd4 8. Be3 Nxf3+ 9. Qxf3 Be7 10. O-O-O Qd7 11. h3 O-O 12. g4 Ne8 13. h4 c5 14.
dxc6 bxc6 15. h5 Nc7 16. g5 f5 17. exf5 Rxf5 18. Qg4 Qe6 19. g6 h6 20. f4 e4 21. Ne2 Ra5 22. Qxe6+ Nxe6 23. Kb1 Rf8 24. c4 d5 25. cxd5 cxd5 26. Nc3 Rd8 27. f5 Nc7 28. Bf4 Nb5 29. Rh2 Nxc3+ 30. bxc3 d4 31. Bc7 Rb5+ 32. Rb2 Rxb2+ 33. Kxb2 dxc3+ 34. Kc2 Rc8 35. Be5 Rc5 36. Bd4 Rxf5 37. Bxc3 Rf2+ 38. Kb3 Rf3 39. Kc4 e3 40. Rd7 Kf8 41. Bxg7+ Ke8 42. Rxa7 e2 43. Bc3 Rxc3+ 44. Kxc3 e1=Q+ 45. Kc4 Qe2+ 46. Kd5 Qd3+ 47. Kc6 Qc4+ 48. Kb7 Qb5+ 49. Ka8 Qc6+ 50. Kb8 Bd6+ 0-1

[Event "*** Titled Tuesday Blitz"]
[Site "Chess.com"]
[Date "2021.04.06"]
[Round "5"]
[White "shreyansshah123"]
[Black "vrekhson"]
[Result "0-1"]
[WhiteElo "1641"]
[BlackElo "2198"]
[TimeControl "180+1"]
[EndTime "10:58:13 PDT"]
[Termination "vrekhson won by resignation"]

1. c4 e6 2. Nf3 Nf6 3. d4 d5 4. cxd5 exd5 5. Bg5 h6 6. Bh4 Be7 7. Nc3 c6 8. e3 O-O 9. Be2 Ne4 10.
Bxe7 Qxe7 11. O-O Bf5 12. Rc1 Nd7 13. Qb3 Nb6 14. a3 g5 15. h3 g4 16. hxg4 Bxg4 17. Ne5 Bxe2 18. Nxe2 Nd2 19. Qd3 Nxf1 20. Rxf1 Nd7 21.
Ng4 Qg5 22. f3 Rfe8 23. Nf4 f5 24. Nf2 Qf6 25. Re1 Nf8 26. N2h3 Ng6 27. Nh5 Qf7 28. N3f4 Nxf4 29. Nxf4 Re7 30. Kf2 Rae8 31. b4 Ra8 32. b5 cxb5 33. Qxb5 Rc8 34. Nxd5 Rc2+ 35. Kf1 Re6 36. Nf4 Rb6 37. Qe5 Rbb2 38. Qa5 b6 39. Qe5 Kh7 40. Kg1 Ra2 41. Kf1 Rxa3 42. Qd6 Raa2 43.
Qe5 a5 44. Qb8 Qg7 45. Qe5 Qxe5 46. dxe5 Kg7 47. e6 Kf6 48. Rd1 Rc6 49. Kg1 Rxe6 50. Nxe6 Kxe6 51. Rd8 b5 52. Rh8 b4 53. Rxh6+ Ke5 54.
f4+ Ke4 55. Re6+ Kd3 56. Re5 b3 57. Rxf5 b2 58. Rb5 Ra1+ 59. Kh2 b1=Q 60. Rxb1 Rxb1 61.
g4 a4 62. g5 a3 63. g6 a2 64. g7 Rb8 65. g8=Q Rxg8 66. f5 a1=Q 67. f6 Qg1+ 0-1

[Event "*** Titled Tuesday Blitz"]
[Site "Chess.com"]
[Date "2021.04.06"]
[Round "5"]
[White "campomania3"]
[Black "goofypenguin96"]
[Result "0-1"]
[WhiteElo "2231"]
[BlackElo "2378"]
[TimeControl "180+1"]
[EndTime "10:58:14 PDT"]
[Termination "goofypenguin96 won on time"]

1. d4 d5 2. c4 c6 3. cxd5 cxd5 4.
Nf3 Nf6 5. Nc3 Nc6 6. Bf4 Bf5 7. e3 e6 8. Bb5 Be7 9. Ne5 Rc8 10. Nxc6 bxc6 11.
Ba6 Rb8 12. Bxb8 Qxb8 13. O-O Qxb2 14. Na4 Qb8 15. Rc1 Qd6 16. Nc5 O-O 17. Qa4 e5 18. Bb7 exd4 19. exd4 Ng4 20. g3 Qh6 21. h4 Bxh4 22.
Qxc6 Bf6 23. Kg2 Qd2 24. Rce1 Qh6 25. Rh1 Qg6 26. Qxd5 h5 27. Qf3 Bxd4 28. Be4 Bxe4 29. Nxe4 f5 30. Nd2 Bxf2 31. Re2 Bb6 32. Nc4 f4 33.
Nxb6 axb6 34. Qd5+ Kh7 35. Rxh5+ Nh6 36. Re6 f3+ 37.
Kh3 Qg4+ 38. Kh2 f2 39. Rhxh6+ gxh6 40. Re7+ Qg7 41. Rxg7+ Kxg7 42. Qe5+ Kg8 43. Qe6+ Rf7 44. Qe8+ Kg7 45. Qe5+ Kf8 46. Qd6+ Ke8 0-1

[Event "*** Titled Tuesday Blitz"]
[Site "Chess.com"]
[Date "2021.04.06"]
[Round "5"]
[White "RobertoJBM"]
[Black "anasta10"]
[Result "1/2-1/2"]
[WhiteElo "2699"]
[BlackElo "2528"]
[TimeControl "180+1"]
[EndTime "10:58:15 PDT"]
[Termination "Game drawn by repetition"]

1. d4 Nf6 2. c4 g6 3. Nc3 d5 4.
Nf3 Bg7 5. Qb3 dxc4 6. Qxc4 O-O 7. e4 b6 8. e5 Nfd7 9. Bf4 Ba6 10. Qb3 Bxf1 11.
Rxf1 c5 12. O-O-O cxd4 13. Rxd4 Nc5 14. Qd5 Qxd5 15. Rxd5 Nc6 16. Rfd1 Rfd8 17. Rxd8+ Rxd8 18. Rxd8+ Nxd8 19. Kc2 Nc6 20. a3 e6 21. Nb5 Nd7 22. b4 a5 23. bxa5 bxa5 24. Nd6 Ndxe5 25. Bxe5 Nxe5 26.
Nxe5 Bxe5 27. Nc4 Bc7 28. h3 f5 29. Kb3 g5 30. Ka4 e5 31. Nxa5 e4 32. Nc4 h5 33.
Kb5 f4 34. Kc5 g4 35. hxg4 h4 36. Nd2 e3 37. fxe3 fxe3 38. Nf3 e2 39. Kd4 Bg3 40. Ke4 e1=Q+ 41. Nxe1 Bxe1 42. Kf5 Kg7 43. Kg5 Kh7 44. Kh5 Kg7 45. a4 Kh7 46. g5 Kg7 47. a5 Bxa5 48.
Kxh4 Kg6 49. Kg4 Bd8 50. Kf3 Bxg5 51. Ke4 Bf6 52. Kf3 Kg5 53. Ke4 Bg7 54. Kf3 Kf5 55.
Kg3 Be5+ 56. Kf3 Kg5 57. Kf2 Bf6 58. Kf3 Kf5 59. g4+ Kg5 60. Kg3 Be5+ 61. Kf3 Bf6 62. Kg3 Be5+ 63. Kf3 Bf6 1/2-1/2

[Event "*** Titled Tuesday Blitz"]
[Site "Chess.com"]
[Date "2021.04.06"]
[Round "5"]
[White "ajdemipopushi"]
[Black "Love_craft"]
[Result "1-0"]
[WhiteElo "2443"]
[BlackElo "2575"]
[TimeControl "180+1"]
[EndTime "10:58:15 PDT"]
[Termination "ajdemipopushi won by checkmate"]

1. Nf3 Nf6 2. g3 g6 3. c4 Bg7 4. Bg2 O-O 5. d4 d6 6. O-O Nbd7 7. Nc3 e5 8. h3 c6 9. e4 Re8 10. Re1 Qe7 11. Be3 Qf8 12. Qd2 Nb6 13. b3 Be6 14. dxe5 dxe5 15. Nxe5 Nxe4 16. Nxe4 Bxe5 17. Bh6 Qe7 18.
Rad1 Rad8 19. Qc1 Rxd1 20. Rxd1 Rd8 21. Re1 f6 22. Be3 Qb4 23. Bc5 Qa5 24. Be7 Bb2 25. Qb1 Re8 26. Bxf6 Ba3 27. Bc3 Qf5 28. Nf6+ Kf7 29.
Qxf5 gxf5 30. Nxe8 Be7 31. Nc7 Bd7 32. Bf1 Bd6 33. c5 Bxc5 34. Bc4+ Kf8 35. Ne6+ Ke7 36.
Nxc5+ Kd6 37. Nxd7 Nxd7 38. Be6 Nc5 39. Bxf5 b5 40.
Bb4 a5 41. Rd1+ Ke5 42. Bxc5 h5 43. Bd7 a4 44. Bxc6 b4 45. Re1+ Kf5 46. Kg2 h4 47. f4 hxg3 48. Kxg3 a3 49. Bd7+ Kf6 50. Kg4 Kf7 51.
Re6 Kg7 52. Kg5 Kf7 53. f5 Kg8 54. Re7 Kf8 55. Kg6 Kg8 56. Re8# 1-0

[Event "*** Titled Tuesday Blitz"]
[Site "Chess.com"]
[Date "2021.04.06"]
[Round "5"]
[White "anpospan"]
[Black "korbul"]
[Result "1/2-1/2"]
[WhiteElo "2407"]
[BlackElo "2556"]
[TimeControl "180+1"]
[EndTime "10:58:15 PDT"]
[Termination "Game drawn by stalemate"]

1. d4 Nf6 2. c4 e6 3. Nc3 Bb4 4. a3 Bxc3+ 5. bxc3 c5 6. f3 Qa5 7. Bd2 d6 8. e4 e5 9. d5 Nbd7 10. Bd3 Nf8 11. Ne2 Ng6 12. O-O O-O 13. g4 Re8 14.
Bg5 Nd7 15. Qd2 Nb6 16. Ng3 Na4 17. Rac1 Qc7 18. Nf5 Bxf5 19. gxf5 Nf8 20. f6 g6 21. Bh4 Ne6 22. dxe6 fxe6 23. f4 exf4 24. f7+ Qxf7 25. Rxf4 Qg7 26. Rcf1 Rf8 27. Bf6 Qh6 28. Qf2 Rf7 29.
e5 dxe5 30. Bxe5 Qg5+ 31. Kh1 Rxf4 32. Bxf4 Qf6 33. Bh6 Qxf2 34. Rxf2 Nxc3 35. Kg2 a6 36. Kg3 b5 37. Bd2 bxc4 38. Bxc3 cxd3 39. Kf4 Rf8+ 40. Ke3 Rxf2 41. Kxf2 Kf7 42. Ke3 g5 43. Kxd3 Kg6 44. Ke4 h5 45. Ke5 Kf7 46. Bd2 g4 47. Be1 c4 48. Kd4 Kf6 49. Kxc4 Kg5 50. Kd4 h4 51.
Ke5 g3 52. Bxg3 hxg3 53. hxg3 Kg4 54. Kxe6 Kxg3 55. a4 a5 56. Kd5 Kf4 57. Kc6 Ke5 58. Kb6 Kd6 59. Kxa5 Kc7 60. Ka6 Kb8 61. Kb6 Ka8 62. a5 Kb8 63. a6 Ka8 64. a7 1/2-1/2

[Event "*** Titled Tuesday Blitz"]
[Site "Chess.com"]
[Date "2021.04.06"]
[Round "5"]
[White "kuba2006"]
[Black "AAponteR"]
[Result "0-1"]
[WhiteElo "2328"]
[BlackElo "2157"]
[TimeControl "180+1"]
[EndTime "10:58:15 PDT"]
[Termination "AAponteR won on time"]

1. b3 a5 2. Bb2 a4 3. e3 e6 4. Nf3 a3 5. Bc3 Nf6 6. d4 Ne4 7. Bd2 Nxd2 8. Nbxd2 g6 9. Bd3 Bg7 10. O-O O-O 11. Rc1 d5 12. c4 Nc6 13. cxd5 exd5 14. Rc5 Nb4 15. Bb1 Bg4 16. h3 Bxf3 17. Qxf3 c6 18. Re1 Re8 19. Nf1 Bxd4 20. Rcc1 Bb2 21. Rcd1 Qf6 22. Qg3 Be5 23. f4 Bc3 24. Re2 d4 25. e4 c5 26. e5 Qg7 27. Be4 Rab8 28.
Qf3 b5 29. g4 c4 30. bxc4 bxc4 31. Rg2 d3 32. Bd5 Nc2 33. Qe4 Nd4 34. Bxc4 d2 35.
Nxd2 Rb2 36. Nf3 Ne6 37. Qd3 Ba5 38. Bxe6 Bb6+ 39. Kh1 fxe6 40. Rxb2 axb2 41. Qb3 Bc5 42. Qxb2 Qf8 43. Kg2 Qxf4 44. Qb3 Bf8 0-1

[Event "*** Titled Tuesday Blitz"]
[Site "Chess.com"]
[Date "2021.04.06"]
[Round "5"]
[White "Guzman70"]
[Black "DaroZin"]
[Result "0-1"]
[WhiteElo "2346"]
[BlackElo "2593"]
[TimeControl "180+1"]
[EndTime "10:58:16 PDT"]
[Termination "DaroZin won by resignation"]

1. d4 Nf6 2. Bf4 g6 3. Nc3 Bg7 4. e4 d6 5. Qd2 O-O 6. Bh6 c5 7. Bxg7 Kxg7 8. Nf3 cxd4 9. Nxd4 Nc6 10. Be2 Qb6 11. Nb3 a5 12. a4 Nb4 13. O-O Bd7 14. Kh1 Rac8 15. f4 Bc6 16. e5 Ne4 17. Nxe4 Bxe4 18.
c3 Nc6 19. Nd4 dxe5 20. fxe5 Nxd4 21. cxd4 Rc2 22. Qe3 Qc6 23. Bf3 Bxf3 24. Rxf3 Rxb2 25. Raf1 Qd5 26. h4 h5 27. Rg3 Rb4 28. Rf4 Rxa4 29.
Kh2 Rc4 30. Rg5 Rc2 31. Qg3 Kh7 32. Rff5 Rxg2+ 33. Qxg2 Qxg2+ 34. Rxg2 gxf5 35. Rb2 Rb8 36. Rb5 a4 37. d5 Ra8 38. Rxb7 a3 39. Rb1 a2 40.
Ra1 Kg6 41. Kg3 Ra3+ 42. Kf4 Ra4+ 43. Kf3 f6 44. d6 exd6 45. exd6 Kf7 46. Ke3 Ke6 47.
Kd3 Kxd6 48. Kc3 Ke5 49. Kb3 Ra8 50. Kb2 Kf4 51. Rf1+ Kg4 52. Ka1 f4 53. Rg1+ Kxh4 54. Rh1+ Kg5 55. Rg1+ Kf5 56. Rh1 Ke4 57. Rxh5 f3 58. Rh7 f5 59. Re7+ Kf4 60. Re1 f2 61.
Rf1 Kf3 62. Rh1 Kg2 63. Rc1 f1=Q 64. Rxf1 Kxf1 0-1

[Event "*** Titled Tuesday Blitz"]
[Site "Chess.com"]
[Date "2021.04.06"]
[Round "5"]
[White "eduardoperalta"]
[Black "Mazanchenko_Dmitry"]
[Result "1-0"]
[WhiteElo "2499"]
[BlackElo "2220"]
[TimeControl "180+1"]
[EndTime "10:58:17 PDT"]
[Termination "eduardoperalta won on time"]

1. d4 g6 2. c4 Bg7 3. Nc3 d6 4. e4 Nc6 5. Nge2 e5 6. d5 Nd4 7. Be3 Bg4 8. h3 Bxe2 9. Bxe2 c5 10. dxc6 bxc6 11. O-O Ne7 12. Bd3 a5 13. f4 O-O 14.
f5 f6 15. Kh1 Qb6 16. Rb1 Rad8 17. Qg4 Kh8 18. fxg6 hxg6 19. Ne2 c5 20. Nc3 Qb7 21. Rf2 f5 22. Qh4+ Kg8 23. Bg5 Rde8 24. Rbf1 f4 25.
g3 fxg3 26. Qxg3 Rxf2 27. Rxf2 Rf8 28. Nd5 Nxd5 29. exd5 Rxf2 30. Qxf2 Qf7 31. Kg2 Qxf2+ 32.
Kxf2 Kf7 33. Bd8 a4 34. Bc7 Bf8 35. Be4 Be7 36. Ba5 Kf6 37. Bd2 g5 38. Be3 Bd8 39.
Kg3 Be7 40. Kg4 Kf7 41. Bxg5 Bxg5 42. Kxg5 Kg7 43. h4 Kf7 44. h5 Kg7 45. h6+ Kg8 46. Kf6 Kh8 47. Ke7 Ne2 48. Kxd6 Nc1 49. Kxc5 Nxa2 50. d6 a3 51. bxa3 Nc3 52. d7 Nxe4+ 53.
Kc6 Nf6 54. d8=Q+ Kh7 55. Qxf6 1-0

[Event "*** Titled Tuesday Blitz"]
[Site "Chess.com"]
[Date "2021.04.06"]
[Round "5"]
[White "AlphaHero0"]
[Black "IljaJoke"]
[Result "1/2-1/2"]
[WhiteElo "2101"]
[BlackElo "2478"]
[TimeControl "180+1"]
[EndTime "10:58:17 PDT"]
[Termination "Game drawn by stalemate"]

1. e4 c5 2. Nf3 d6 3. c3 Nf6 4. h3 g6 5. Bd3 Bg7 6. O-O O-O 7. Bc2 Nc6 8. d4 cxd4 9. cxd4 b5 10. Re1 Nb4 11. Bb3 a5 12. a3 Na6 13. Nc3 b4 14.
Nd5 Nxd5 15. Bxd5 Rb8 16. Qe2 e6 17. Bc4 Nc7 18. axb4 axb4 19. Bb3 Bd7 20. Be3 Bb5 21. Qd2 d5 22. e5 Bc4 23. Qc2 Bxb3 24. Qxb3 Rb7 25. Ra4 Qb8 26. Bd2 Rc8 27. Rxb4 Rxb4 28. Qxb4 Qa8 29. Rc1 Rb8 30. Qc3 Nb5 31. Qd3 Bf8 32.
Rb1 Qa2 33. Kh2 Qc4 34. Qxc4 dxc4 35. Rc1 Rc8 36. Bc3 Nc7 37. Nd2 Nd5 38. Ne4 Rb8 39.
g3 Kg7 40. Kg2 Bb4 41. Kf3 Bxc3 42. bxc3 Rb2 43. Nd6 g5 44. Nxc4 Rb3 45. Nd2 Rxc3+ 46. Rxc3 Nxc3 47. Ne4 Nb5 48. Nxg5 Nxd4+ 49. Ke4 Nc6 50.
Kf4 Ne7 51. h4 Nd5+ 52. Kf3 Kg6 53. g4 h6 54. Ne4 Nb6 55. Kf4 Nd5+ 56. Kg3 Nb4 57.
f4 h5 58. Nd6 hxg4 59. Kxg4 Nc2 60. h5+ Kg7 61. Kg5 Nd4 62. h6+ Kg8 63. Ne4 Ne2 64.
Nf6+ Kh8 65. Kg4 Nxf4 66. Kxf4 1/2-1/2

[Event "*** Titled Tuesday Blitz"]
[Site "Chess.com"]
[Date "2021.04.06"]
[Round "5"]
[White "1977Ivan"]
[Black "ViditYT"]
[Result "1-0"]
[WhiteElo "2767"]
[BlackElo "2928"]
[TimeControl "180+1"]
[EndTime "10:58:19 PDT"]
[Termination "1977Ivan won on time"]

1. d4 Nf6 2. c4 e6 3. Nc3 Bb4 4.
Bd2 c5 5. Nf3 cxd4 6. Nxd4 Nc6 7. a3 Be7 8. Bf4 d6 9. e3 O-O 10. Be2 a6 11. O-O Bd7 12. Rc1 Rc8 13. Bg3 Ne5 14. b3 Qa5 15. a4 Rfd8 16. f4 Nc6 17.
Be1 Qb6 18. Kh1 Be8 19. Bf3 g6 20. g4 Nb4 21. g5 Nd7 22. a5 Qc7 23. Ne4 Nc6 24. Bc3 d5 25. cxd5 exd5 26. Nxc6 bxc6 27. Qd4 Ne5 28. Nd2 f6 29. fxe5 c5 30. Qg4 f5 31.
Qf4 Bc6 32. b4 d4 33. exd4 cxb4 34. Bxb4 Bxf3+ 35. Nxf3 Qb7 36. Bxe7 Qxe7 37. Rxc8 Rxc8 38. d5 Qc5 39. d6 Qb5 40. Re1 Rc4 41. Qd2 Qc6 42.
Rf1 Rc2 43. Qd3 Rc3 44. Qe2 Rc2 45. Qe3 Qc4 46. Rg1 Rc3 47. Qf2 Qd5 48. Rf1 h6 49.
d7 hxg5 50. e6 Rd3 51. Qe2 g4 52. Qe5 1-0

[Event "*** Titled Tuesday Blitz"]
[Site "Chess.com"]
[Date "2021.04.06"]
[Round "5"]
[White "mikolka1985"]
[Black "shimastream"]
[Result "1-0"]
[WhiteElo "2675"]
[BlackElo "2941"]
[TimeControl "180+1"]
[EndTime "10:58:19 PDT"]
[Termination "mikolka1985 won by resignation"]

1. d4 Nf6 2. c4 e6 3. Nf3 d5 4.
Nc3 Nbd7 5. cxd5 exd5 6. Bg5 c6 7. Qc2 Be7 8. e3 Nh5 9. Bxe7 Qxe7 10. O-O-O Nb6 11. h3 g6 12. Bd3 Be6 13. Kb1 O-O-O 14. Na4 Nxa4 15. Qxa4 Kb8 16. Rc1 Ng7 17. Ka1 Bf5 18.
Be2 Be4 19. Rhg1 Bxf3 20. Bxf3 Nf5 21. Be2 h5 22. Rc3 Nd6 23. Rgc1 h4 24. Ra3 Nc8 25. b4 Rd6 26. b5 cxb5 27. Bxb5 a6 28. Bd3 Nb6 29. Qb4 Rc8 30. Rxc8+ Kxc8 31. Rc3+ Kb8 32. a4 Qd8 33. Bxa6 bxa6 34. a5 Ka7 35. Qc5 Kb7 36.
Rb3 Ka7 37. axb6+ Rxb6 38. Ka2 Qd6 39. Rxb6 Qxb6 40. Qxd5 Qc7 41. Qc5+ Qxc5 42. dxc5 Kb7 43. Kb3 Kc6 44. Kc4 f5 45. f3 g5 46. e4 fxe4 47. fxe4 a5 48. e5 a4 49. e6 a3 50. Kb3 Kc7 51.
Kxa3 Kc6 52. Kb3 Kc7 53. Kc4 1-0

[Event "*** Titled Tuesday Blitz"]
[Site "Chess.com"]
[Date "2021.04.06"]
[Round "5"]
[White "esapunov"]
[Black "Ind1anStar"]
[Result "1-0"]
[WhiteElo "2725"]
[BlackElo "2508"]
[TimeControl "180+1"]
[EndTime "10:58:19 PDT"]
[Termination "esapunov won by resignation"]

1. c4 e6 2. Nf3 d5 3. d4 Nf6 4. Nc3 dxc4 5. e3 a6 6. a4 c5 7. Bxc4 Nc6 8. O-O Be7 9. Qe2 cxd4 10. Rd1 e5 11. exd4 exd4 12. Nxd4 Nxd4 13. Qe5 Qd6 14. Qxd4 Qxd4 15. Rxd4 Be6 16. Bxe6 fxe6 17. Bg5 O-O 18. Re1 Bc5 19. Rd2 Rae8 20. Rde2 e5 21. h3 Bd4 22. g4 Rc8 23. Bxf6 gxf6 24. Ne4 Rc6 25. b3 Rfc8 26. Kg2 Kg7 27. Ng3 Kf7 28. Nf5 Ba7 29. f4 Bb8 30. fxe5 Bxe5 31. Re3 Rc2+ 32. Kf3 R8c3 33.
Rxc3 Rxc3+ 34. Re3 Rc2 35. Ke4 b5 36. axb5 axb5 37.
Kd5 b4 38. Rd3 Rc3 39. Ke4 Rc2 40. Ne3 Rc3 41. Nd5 Rc2 42. Nxb4 Re2+ 43. Kd5 Rb2 44. Nc6 Bf4 45. b4 Ke8 46. Kc4 Rc2+ 47. Rc3 Rd2 48. b5 Bc7 49. Kc5 Rd7 50. b6 Kf7 51. bxc7 Rxc7 52.
Kd6 Rb7 53. Rc5 1-0

[Event "*** Titled Tuesday Blitz"]
[Site "Chess.com"]
[Date "2021.04.06"]
[Round "5"]
[White "AlexTriapishko"]
[Black "Sanyura"]
[Result "1-0"]
[WhiteElo "2824"]
[BlackElo "2597"]
[TimeControl "180+1"]
[EndTime "10:58:20 PDT"]
[Termination "AlexTriapishko won on time"]

1. d4 Nf6 2. Bg5 Ne4 3. Bf4 c5 4. f3 Qa5+ 5. c3 Nf6 6. d5 e6 7.
e4 exd5 8. exd5 d6 9. Na3 Be7 10.
Bd3 O-O 11. Ne2 Nxd5 12. Bxh7+ Kxh7 13. Qxd5 Nc6 14. Nc4 Qa6 15. Bxd6 Be6 16. Qe4+ Kg8 17. Bxe7 Nxe7 18. b3 Rfe8 19. O-O Bf5 20. Qh4 Bd3 21. Rfe1 Ng6 22. Qf2 Bxc4 23. bxc4 Qxc4 24. Ng3 Nf4 25. Re4 Qxc3 26. Rae1 Rxe4 27. Nxe4 Qd4 28. Nxc5 Qxf2+ 29. Kxf2 b6 30. Re4 Nh3+ 31. Kg3 Ng5 32. Rg4 bxc5 33.
Rxg5 Rc8 34. Kf2 c4 35. Ke2 c3 36. Kd1 c2+ 37. Kc1 f6 38. Ra5 Rc7 39. Rd5 Kf7 40.
Rd2 Ke6 41. Rxc2 Rb7 42. Rc4 g5 43. Ra4 Rh7 44. h3 Rb7 45. Kc2 Ke5 46. Kc3 Kd5 47. h4 gxh4 48. Rxh4 f5 49. Rd4+ Ke5 50. f4+ Ke6 51.
Ra4 Rg7 52. Kd4 1-0

[Event "*** Titled Tuesday Blitz"]
[Site "Chess.com"]
[Date "2021.04.06"]
[Round "5"]
[White "FMOlexandrProhorov"]
[Black "maximnovik"]
[Result "0-1"]
[WhiteElo "2198"]
[BlackElo "2570"]
[TimeControl "180+1"]
[EndTime "10:58:20 PDT"]
[Termination "maximnovik won on time"]

1. Nf3 c5 2. c4 Nf6 3. Nc3 e6 4. g3 d5 5. cxd5 exd5 6. d4 Be7 7. Bg2 O-O 8. O-O Nc6 9. Be3 c4 10. b3 Qa5 11. Bd2 Bb4 12. Qc2 b5 13. e4 dxe4 14. Nxe4 Nxe4 15. Bxb4 Nxb4 16. Qxe4 Bd7 17. Ng5 f5 18.
Qxa8 Rxa8 19. Bxa8 c3 20. a3 Nd3 21. Bd5+ Kf8 22.
Rad1 b4 23. Rxd3 Qxd5 24. axb4 Bb5 25. Rxc3 Bxf1 26. Kxf1 Qh1+ 27. Ke2 Qxh2 28. Rc8+ Ke7 29. Rc7+ Kf6 30. Nf3 Qh1 31. Rc6+ Ke7 32. Rc7+ Ke8 33.
Rxa7 Qb1 34. Ne5 Qe4+ 35. Kf1 Qh1+ 36. Ke2 Qe4+ 37. Kf1 g5 38. Rxh7 f4 39. Rh8+ Ke7 40. gxf4 gxf4 41. f3 Qb1+ 42. Kf2 Qb2+ 43. Kf1 Qxb3 44.
Ng6+ Kf6 45. Nxf4 Qxf3+ 46. Ke1 Kg7 47. Rh3 Qxf4 48. Rd3 Kf6 0-1

[Event "*** Titled Tuesday Blitz"]
[Site "Chess.com"]
[Date "2021.04.06"]
[Round "5"]
[White "HanSchut"]
[Black "Tekushka"]
[Result "1-0"]
[WhiteElo "2264"]
[BlackElo "2392"]
[TimeControl "180+1"]
[EndTime "10:58:20 PDT"]
[Termination "HanSchut won by checkmate"]

1. e4 c5 2. Nf3 d6 3. d4 cxd4 4. Nxd4 Nf6 5. f3 e5 6. Bb5+ Bd7 7. Bxd7+ Nbxd7 8. Nf5 Qc7 9. Ne3 Be7 10. c4 O-O 11.
O-O Nb6 12. b3 a5 13. a4 Nbd7 14. Nc3 Qb8 15. Kh1 Bd8 16. Ba3 Ra6 17. Qd2 Bb6 18. Nf5 Bc5 19. Bb2 g6 20. Ne7+ Kg7 21. Ned5 Nxd5 22.
Nxd5 Qd8 23. g3 f6 24. Rad1 Rf7 25. f4 Nf8 26. f5 g5 27. Bc3 Nd7 28. Kg2 Nb8 29. Kf3 Nc6 30. h4 h6 31. hxg5 hxg5 32. Rh1 Rf8 33. Qh2 Rh8 34. Qxh8+ Qxh8 35. Rxh8 Kxh8 36.
Nxf6 Bd4 37. Bd2 Rb6 38. Rb1 Kg7 39. Nd5 Ra6 40. Bxg5 Bc5 41. Be3 Ra8 42. g4 Rh8 43. g5 Rh3+ 44. Kg4 Rxe3 45. Nxe3 Bxe3 46. Rh1 Nd4 47. Rh6 Nxb3 48. Rxd6 Nc5 49. Rd5 b6 50. Rxe5 Nxa4 51. Re7+ Kf8 52. f6 Nc5 53. Kf5 a4 54. g6 a3 55. g7+ Kg8 56. Re8+ Kh7 57. g8=Q+ Kh6 58. Qg6# 1-0